AoeStats
← Axolot

Arena

505087898Analyzed
4v4 RM · 24d ago on Sep 7, 2026· 45m 44s· 8 players
Game mode
Random Map
Map size
Large (8 player)
Population
200
Speed
Normal
Resources
Standard
Victory
Conquest
Starting age
Dark Age
Ending age
Imperial Age
RankedLock teamsTeams togetherTeam positionsShared explorationLock speedFull tech treeHidden civsTurbo modeCheats
Victory
Defeat
🇲🇽 Vikings · Mexico
1520
+15
🇦🇷 Malay · Argentina
1514
+15
🇦🇷 Maya · Argentina
1469
+17
🇲🇽 Byzantines · Mexico
1446
+17
🇨🇿 Franks · Czechia
1516
-18
🇨🇿 Inca · Czechia
1514
-17
🇩🇪 Turks · Germany
1491
-16
🇨🇿 Mongols · Czechia
1422
-13
HK | El Chairo
10:31 Feudal Age
12:24 Double-Bit Axe
14:54 Castle Age
13:04 Horse Collar
15:54 Bow Saw
19:27 Town Watch
19:54 Loom
21:51 Gold Mining
21:52 Stone Mining
24:20 Gold Shaft Mining
28:39 Imperial Age
26:08 Fletching
26:39 Masonry
26:50 Ballistics
27:08 Bodkin Arrow
27:13 Padded Archer Armor
26:55 Treadmill Crane
27:41 Crossbowman
28:49 Leather Archer Armor
29:38 Bogsveigar
29:58 Bracer
29:39 Capped Ram
31:26 Chemistry
30:57 Architecture
30:43 Arbalester
31:25 Siege Ram
32:05 Elite Skirmisher
36:22 Ring Archer Armor
38:11 Coinage
40:19 Conscription
40:35 Hoardings
40:06 Siege Engineers
39:48 Arrowslits
40:58 Banking
44:02 Two-Man Saw
43:03 Heavy Plow
42:32 Elite Berserk
43:12 Chieftains
43:14 Scale Mail Armor
43:25 Forging
43:38 Murder Holes
EXILE | Neany
6:29 Loom
8:52 Feudal Age
10:06 Double-Bit Axe
10:03 Horse Collar
11:29 Fletching
23:58 Stone Mining
24:44 Padded Archer Armor
27:13 Castle Age
27:26 Crossbowman
28:57 Bodkin Arrow
38:07 Bow Saw
38:43 Heavy Plow
40:31 Wheelbarrow
43:19 Imperial Age
42:12 Scale Mail Armor
42:22 Forging
41:50 Pikeman
42:31 Squires
43:21 Halberdier
44:19 Chain Mail Armor
44:39 Iron Casting
45:45 Two-Man Saw
45:47 Plate Mail Armor
Axolot
0:30 Loom
9:12 Feudal Age
10:58 Fletching
12:04 Double-Bit Axe
15:22 Horse Collar
23:34 Castle Age
25:17 Bow Saw
25:08 Heavy Plow
26:43 Wheelbarrow
27:59 Hand Cart
31:33 Bodkin Arrow
32:22 Gold Mining
36:22 Imperial Age
34:25 Stone Mining
34:54 Padded Archer Armor
36:03 Stone Shaft Mining
37:18 Ballistics
38:44 Chemistry
38:54 Hoardings
39:11 Bracer
39:26 Leather Archer Armor
39:20 Thumb Ring
39:31 Elite Plumed Archer
40:32 Conscription
44:40 Ring Archer Armor
Dino_Mate
8:36 Feudal Age
8:13 Double-Bit Axe
12:15 Loom
13:43 Horse Collar
18:05 Castle Age
17:09 Forging
18:38 Iron Casting
18:10 Scale Barding Armor
26:57 Wheelbarrow
27:19 Heavy Plow
28:48 Bow Saw
28:33 Stone Mining
28:33 Gold Mining
28:38 Town Watch
29:01 Gold Mining
30:41 Hand Cart
31:33 Iron Casting
32:34 Fletching
33:16 Squires
33:02 Arson
36:37 Imperial Age
35:50 Bodkin Arrow
36:22 Husbandry
35:50 Elite Battle Elephant
42:51 Conscription
42:37 Forced Levy
44:56 Blast Furnace
45:18 Man-at-Arms
46:02 Bracer
Kustilier
10:48 Feudal Age
11:56 Double-Bit Axe
14:26 Castle Age
12:16 Horse Collar
14:19 Gold Mining
15:11 Loom
18:02 Bow Saw
23:02 Heavy Plow
28:54 Scale Mail Armor
29:57 Wheelbarrow
30:04 Arson
31:18 Squires
31:31 Forging
31:42 Chain Mail Armor
31:44 Town Watch
35:40 Imperial Age
35:10 Iron Casting
35:03 Stone Mining
35:52 Gold Shaft Mining
35:28 Masonry
36:57 Plate Mail Armor
36:49 Conscription
37:00 Ballistics
37:03 Hand Cart
37:31 Conscription
37:54 Siege Engineers
39:49 Champi Runner
41:08 Coinage
40:18 Elite Kamayuk
42:07 Blast Furnace
40:59 Fletching
42:16 Champi Warrior
43:09 Fabric Shields
42:50 Pikeman
magor*
7:26 Loom
10:06 Feudal Age
13:15 Fletching
13:51 Double-Bit Axe
14:20 Horse Collar
20:53 Castle Age
Vegan Shark
10:32 Loom
12:18 Feudal Age
17:08 Castle Age
15:44 Double-Bit Axe
20:45 Forging
25:18 Scale Mail Armor
27:35 #83
31:58 Iron Casting
32:27 Wheelbarrow
32:54 Chain Mail Armor
33:09 Fletching
33:56 Gold Mining
35:57 Hand Cart
39:26 Imperial Age
37:21 Scale Barding Armor
38:24 Husbandry
38:50 Chain Barding Armor
39:54 Cavalier
41:11 Plate Barding Armor
42:16 Blast Furnace
wow
11:26 Feudal Age
15:20 Castle Age
13:13 Double-Bit Axe
14:01 Horse Collar
21:12 Wheelbarrow
26:26 Imperial Age
26:36 Imperial Age
26:06 Bow Saw
26:01 Heavy Plow
27:42 Padded Archer Armor
30:21 Leather Archer Armor
31:20 Elite Janissary
32:56 Ring Archer Armor
38:17 Scale Barding Armor
39:43 Chain Barding Armor
40:16 Bloodlines
41:01 Plate Barding Armor
40:38 Forging
40:33 Husbandry
44:54 Iron Casting
Connection lost

Rejoining the realm…

Still unreachable

The connection could not be restored.

Session expired

The server has moved on; the page needs a fresh start.